 Dungeon Crawl Stone Soup version 0.32-a0-872-g59262bd (webtiles) character file.

Game seed: 3174694428778467740

26987 QuokkaLover the Fighter (level 13, -12/101 HPs)
             Began as a Mummy Warper on Mar 30, 2024.
             Was a Priest of Beogh.
             Mangled by Saint Roka
             ... wielding a +0 long sword of holy wrath
              (17 damage)
             ... on level 1 of the Orcish Mines.
             The game lasted 00:37:25 (17508 turns).

QuokkaLover the Fighter (Mummy Warper)             Turns: 17508, Time: 00:37:25

Health: -12/101    AC: 15    Str: 17    XL:     13   Next: 1%
Magic:  10/31      EV: 14    Int: 15    God:    Beogh [***...]
Gold:   1107       SH:  0    Dex: 17    Spells: 9/24 levels left

rFire   . . .        u - +9 long sword of Pilonnur {drain, *Rage Fly rElec Str+3}
rCold   + . .        (no shield)
rNeg    + + +        o - +3 leather armour {rF+}
rPois   ∞            H - +2 hat {Int+3}
rElec   +            g - +0 cloak
rCorr   .            (no gloves)
SInv    .            w - +0 pair of boots
Will    ++...        a - amulet of regeneration
Stlth   ++           I - ring "Yxzautec" {rN+ Will+ MP+9}
HPRegen 1.16/turn    h - +4 ring of protection
MPRegen 0.22/turn

%: faith
@: flying
A: cold resistance 1, negative energy resistance 3, torment resistance 2, heat
vulnerability 1, in touch with death 2, no potions, faith
a: Renounce Religion, Smiting, Recall Apostles, Dismiss Bogward, wizard, Dismiss
Wardok, priest


You were on level 1 of the Orcish Mines.
You worshipped Beogh.
Beogh was most pleased with you.
You visited 3 branches of the dungeon, and saw 16 of its levels.
You also visited: Ice Cave and Volcano.

You collected 2424 gold pieces.
You spent 1317 gold pieces at shops.

Inventory:

Hand Weapons
 i - a +4 scimitar of flaming
 l - the +1 dagger of the Beast {speed, rF- rC++ Str-3 Dex+2}
   (You found it on level 3 of the Dungeon)

   Str-3:     It affects your strength (-3).
   Dex+2:     It affects your dexterity (+2).
   rF-:       It makes you vulnerable to fire.
   rC++:      It greatly protects you from cold.
 u - the +9 long sword of Pilonnur (weapon) {drain, *Rage Fly rElec Str+3}
   (You found it on level 8 of the Dungeon)

   Str+3:     It affects your strength (+3).
   rElec:     It insulates you from electricity.
   Fly:       It grants you flight.
   *Rage:     It berserks you when you make melee attacks (+20% chance).
Missiles
 v - 29 poisoned darts
 x - 4 javelins
 z - 3 throwing nets {!f}
 L - 6 silver javelins
 Q - 5 boomerangs
Armour
 g - a +0 cloak (worn)
 j - +0 acid dragon scales
 m - a +2 ring mail of poison resistance
 o - a +3 leather armour of fire resistance (worn)
 w - a +0 pair of boots (worn)
 H - a +2 hat of intelligence (worn)
 J - the +1 leather armour of Stoicism {rF+ rC+ Will+ SInv}
   (You bought it in a shop on level 10 of the Dungeon)

   rF+:       It protects you from fire.
   rC+:       It protects you from cold.
   Will+:     It increases your willpower.
   SInv:      It lets you see invisible.
 N - a +4 scale mail of fire resistance
Magical Staves
 t - a staff of cold
Jewellery
 a - an amulet of regeneration (around neck)
 d - a ring of protection from cold
 h - a +4 ring of protection (right hand)
 p - the amulet of the Four Winds {rN+ Will+++ Clar}
   (You found it on level 6 of the Dungeon)

   [amulet of nothing]

   rN+:       It protects you from negative energy.
   Will+++:   It greatly increases your willpower.
   Clar:      It protects you from confusion, rage, mesmerisation and fear.
 s - a ring of protection from fire
 C - a ring of see invisible
 I - the ring "Yxzautec" (left hand) {rN+ Will+ MP+9}
   (You found it on level 7 of the Dungeon)

   [ring of positive energy]

   rN+:       It protects you from negative energy.
   Will+:     It increases your willpower.
   MP+9:      It affects your magic capacity (+9).
Wands
 B - a wand of roots (5)
 D - a wand of digging (13)
 G - a wand of light (3)
Scrolls
 b - 3 scrolls of silence {!r}
 e - 3 scrolls of amnesia
 q - 2 scrolls of noise
 r - a scroll of identify
 y - 2 scrolls of fog {!r}
 E - a scroll of vulnerability
 M - a scroll of torment
 O - a scroll of revelation {unknown}
 S - 3 scrolls of immolation
 T - 6 scrolls of teleportation {!r}
 W - 2 scrolls of blinking
Miscellaneous
 F - a tin of tremorstones (inert)


   Skills:
 + Level 9.4 Fighting
 + Level 9.0 Long Blades
 - Level 2.0 Throwing
 - Level 6.0 Armour
 - Level 6.0 Dodging
 - Level 2.0 Stealth
 - Level 6.0 Spellcasting
 + Level 4.4 Translocations
 - Level 7.0 Air Magic
 - Level 8.0 Invocations
 - Level 3.0 Evocations


You had 9 spell levels left.
You knew the following spells:

 Your Spells              Type           Power      Damage    Failure   Level
a - Lesser Beckoning      Tloc           34%        N/A       4%          2
b - Teleport Other        Tloc           17%        N/A       9%          3
s - Blink                 Tloc           34%        N/A       4%          2
v - Airstrike             Air            12%        2d(2-18)  10%         4
z - Vhi's Electric Charg  Tloc/Air       42%        N/A       17%         4

Your spell library contained the following spells:

 Spells                   Type           Power      Damage    Failure   Level
 Swiftness                Air            25%        N/A       3%          3
 Shock                    Conj/Air       60%        1d6       4%          1
 Momentum Strike          Conj/Tloc      22%        3d8       11%         2
 Volatile Blastmotes      Fire/Tloc      22%        2d11      22%         3
 Ensorcelled Hibernation  Hex/Ice        8%         N/A       26%         2
 Maxwell's Portable Pile  Tloc           17%        2d(8-15)  28%         4
 Fugue of the Fallen      Necr           10%        N/A       45%         3
 Ozocubu's Armour         Ice            4%         N/A       45%         3
 Stone Arrow              Conj/Erth      8%         3d7       45%         3
 Iskenderun's Mystic Bla Conj/Tloc 11%            2d4        (+2d2     56%         4
 Anguish                  Hex/Necr       5%         N/A       86%         4
 Animate Armour           Summ/Erth      8%         N/A       86%         4
 Fulminant Prism          Conj/Alch      2%         3d5       86%         4
 Summon Forest            Summ/Tloc      5%         N/A       89%         5
 Conjure Ball Lightning   Conj/Air       7%         3x3d6     99%         6
 Eringya's Noxious Bog    Alch           2%         4d6       100%        6
 Manifold Assault         Tloc           8%         N/A       100%        7
 Summon Hydra             Summ           2%         N/A       100%        7
 Discord                  Hex            2%         N/A       100%        8
 Disjunction              Tloc           8%         N/A       100%        8
 Lehudib's Crystal Spear  Conj/Erth      2%         10d2      100%        8


Dungeon Overview and Level Annotations

Branches:
Dungeon (13/15)            Temple (0/1) D:7            Lair (1/5) D:8
    Orc (2/2) D:10          IceCv (visited)         Volcano (visited)
    Elf: Orc:2       Vaults: D:13-14

Altars:
Ashenzari
Kikubaaqudgha
Makhleb
Okawaru
Qazlal
Sif Muna
Trog

Shops:
D:10 [   Orc:1 **

Annotations:
D:7 3 runed translucent doors, ooops's ghost, novice CoGl; oops's ghost, novice CoGl
D:13 Sonja
Orc:1 2 transporters, 2 exclusions, ImOTab's ghost, journeyman OnMo; Saint Roka
Orc:2 Jorgrun


Innate Abilities, Weirdness & Mutations

Your facial features are unmistakably orcish.
You are immune to poison.
Your flesh is cold resistant. (rC+)
You are immune to negative energy. (rN+++)
You are immune to unholy pain and torment.
You are vulnerable to heat. (rF-)
You are strongly in touch with the powers of death.
You do not drink.
You have a special connection with the divine. (Faith)


Message History

a +2 war axe of freezing; a +1 plate armour of cold resistance; an orc corpse Saint Roka looks more healthy.
You hear a grinding noise.
There is a stone staircase leading up here.
Aiming: Smiting
Press: ? - help, Dir - move target, f/p - Saint Roka Smite: Saint Roka, wielding a +0 long sword of holy wrath and wearing a +0 chain mail (heavily wounded, wandering, blind, unable to see you, hasn't noticed you)
You smite Saint Roka!!
Saint Roka is severely wounded.
Saint Roka is no longer blind.
Saint Roka invokes the aid of Beogh against you.
Beogh smites you! @ 10 의 대미지, 남은 HP = 21/101 hp.
Aiming: Smiting
Press: ? - help, Dir - move target, f/p - Saint Roka Smite: Saint Roka, wielding a +0 long sword of holy wrath and wearing a +0 chain mail (severely wounded)
You smite Saint Roka!!
Saint Roka is severely wounded.
Saint Roka says, "I shall smite you and smash you."
Jorgrun Earthshaker comes into view.
He is wielding a +0 heavy quarterstaff and wearing a +0 robe of fire resistance.
Aiming: Smiting
Press: ? - help, Dir - move target, f/p - Saint Roka Smite: Saint Roka, wielding a +0 long sword of holy wrath and wearing a +0 chain mail (severely wounded)
Okay, then.
Unknown command.
Saint Roka hits you but does no damage.
You fly upwards.
Level annotation: 2 transporters, 2 exclusions, ImOTab's ghost, journeyman OnMo
There is a stone staircase leading down here.
Aiming: Smiting
Press: ? - help, Dir - move target, f - Saint Roka Smite: Saint Roka, wielding a +0 long sword of holy wrath and wearing a +0 chain mail (severely wounded)
You smite Saint Roka!!
Saint Roka is almost dead.
Saint Roka hits you with a +0 long sword of holy wrath!!
* * * LOW HITPOINT WARNING * * *
You convulse!
You die...
Saint Roka roars, "Praise to Beogh!"
Beogh appreciates Saint Roka's killing of a heretic priest.

.#.##...#.........#####.....####
....##.#............©....#.###.##
.#..........#...............#...#
###....#.................#.....##
##........................#...#.#
##.#.#...........#[.............
####..........>[.........#.##.#
##.#..............)........####
#.............@<....>.......##
##.....#.....o...............##
###..#.......................#
###.....................#.##
##.....................##
##...##..###...##..#.## #########
###########


You could see Saint Roka.

Vanquished Creatures
  Snorg (D:11)
  2 boulder beetles (D:12)
  Erica (D:9)
  A two-headed ogre (Orc:2)
  3 skeletal warriors (D:12)
  2 lindwurms (Volcano)
  A deep elf pyromancer (D:11)
  2 ugly things
  A cyclops (D:11)
  3 ice statues (IceCv)
  A gargoyle (D:12)
  2 kobold blastminers (Orc:2)
  2 molten gargoyles (Volcano)
  A komodo dragon (D:12)
  A freezing wraith (IceCv)
  2 anaconda simulacra (IceCv)
  2 efreet (Volcano)
  A tengu conjurer (D:12)
  5 trolls
  Prince Ribbit (D:6)
  26 yaks
  Eustachio (D:6)
  Menkaure (D:5)
  A steam dragon (D:7)
  A death yak simulacrum (IceCv)
  An acid dragon (D:11)
  A harpy simulacrum (IceCv)
  2 hydra simulacra (IceCv)
  2 sky beasts
  An ice beast (D:6)
  10 orc warriors
  A black bear (D:6)
  7 ogres
  4 bullfrogs
  3 kobold brigands
  A gnoll sergeant (D:11)
  A scorpion (D:5)
  An earth elemental (Volcano)
  14 wights
  3 killer bees (D:10)
  A howler monkey (D:6)
  An electric eel (D:11)
  3 bombardier beetles
  5 orc priests
  5 hounds
  A jelly (D:5)
  Crazy Yiuf (D:6)
  A sleepcap (D:5)
  4 iguanas (D:5)
  10 orc wizards
  A polar bear simulacrum (IceCv)
  2 wolf simulacra (IceCv)
  8 adders
  9 gnolls
  4 white imps
  3 dart slugs
  3 ribbon worms
  25 orcs
  10 ball pythons
  3 bats
  10 endoplasms
  5 giant cockroaches
  5 goblins
  7 hobgoblins
  7 jackals
  15 kobolds
  2 quokkas
  10 frilled lizards
  4 rats
282 creatures vanquished.

Vanquished Creatures (collateral kills)
  A two-headed ogre (D:10)
  A tengu warrior (D:12)
  Urug (D:11)
  A molten gargoyle (Volcano)
  2 unseen horrors
  An efreet (Volcano)
  A shadow (D:10)
  3 fire elementals (Volcano)
  7 yaks
  A warg (Orc:1)
  An orc warrior (Orc:1)
  A centaur (D:10)
  An ogre (Orc:1)
  2 earth elementals (Volcano)
  3 killer bees (D:10)
  4 orcs (Orc:1)
31 creatures vanquished.

Vanquished Creatures (others)
  5 orc apostles
  2 orc priests
  12 orcs
19 creatures vanquished.

Grand Total: 332 creatures vanquished

Notes
Turn   | Place    | Note
-------+----------+-------------------------------------------
     0 | D:1      | QuokkaLover the Mummy Warper began the quest for the Orb.
     0 | D:1      | Reached XP level 1. HP: 16/16 MP: 4/4
   127 | D:1      | Reached XP level 2. HP: 11/22 MP: 3/5
   135 | D:1      | HP: 1/22 [endoplasm (1)]
   698 | D:1      | Reached XP level 3. HP: 28/28 MP: 7/7
  1333 | D:2      | Reached XP level 4. HP: 35/35 MP: 6/8
  1450 | D:2      | Learned a level 2 spell: Blink
  1453 | D:2      | Learned a level 2 spell: Lesser Beckoning
  1706 | D:2      | Noticed an ogre
  1817 | D:3      | Found a burning altar of Makhleb.
  1940 | D:3      | Learned a level 4 spell: Airstrike
  2026 | D:3      | Became a worshipper of Beogh the Shepherd
  2487 | D:3      | Reached XP level 5. HP: 39/41 MP: 7/9
  2585 | D:3      | Identified the +1 dagger of the Beast {speed, rF- rC++
                  | Str-3 Dex+2}
  3180 | D:3      | Reached skill level 1 in Throwing
  3429 | D:4      | Reached * piety under Beogh
  3745 | D:4      | Reached XP level 6. HP: 37/48 MP: 7/10
  3833 | D:4      | Identified the +0 scale mail of the Dice {rElec rN++
                  | Regen+}
  3861 | D:4      | Found a broken altar of Ashenzari.
  4376 | D:3      | Reached skill level 1 in Armour
  4432 | D:5      | Entered Level 5 of the Dungeon
  4794 | D:5      | Reached XP level 7. HP: 54/54 MP: 9/11
  5134 | D:5      | Reached ** piety under Beogh
  5135 | D:5      | Reached skill level 1 in Air Magic
  5654 | D:5      | Noticed Menkaure
  5659 | D:5      | Killed Menkaure
  5934 | D:6      | Noticed Prince Ribbit
  5948 | D:6      | Killed Prince Ribbit
  5949 | D:6      | Reached XP level 8. HP: 27/60 MP: 3/12
  6053 | D:6      | Found the amulet of the Four Winds {rN+ Will+++ Clar}
  6179 | D:6      | Reached skill level 5 in Air Magic
  6269 | D:6      | Found a runed translucent door.
  6299 | D:6      | Noticed Crazy Yiuf
  6341 | D:6      | Noticed Eustachio
  6429 | D:6      | Killed Eustachio
  6840 | D:6      | Reached skill level 5 in Spellcasting
  6992 | D:6      | Killed Crazy Yiuf
  6999 | D:6      | Learned a level 3 spell: Teleport Other
  7995 | D:6      | Reached XP level 9. HP: 64/65 MP: 17/17
  7996 | D:6      | Reached *** piety under Beogh
  8004 | D:6      | Noticed Orgrim
  8091 | D:6      | Was placed under penance by Beogh
  8091 | D:6      | Killed Orgrim the orc apostle
  8091 | D:6      | Fled from a divine trial
  8832 | D:7      | Identified the ring "Yxzautec" {rN+ Will+ MP+9}
  9142 | D:7      | Found a runed translucent gate.
  9143 | D:7      | Found a runed translucent gate.
  9144 | D:7      | Found a runed translucent gate.
  9144 | D:7      | Noticed oops's ghost (novice CoGl)
  9144 | D:7      | Noticed ooops's ghost (novice CoGl)
  9284 | D:7      | Found a staircase to the Ecumenical Temple.
  9402 | D:7      | Was forgiven by Beogh
  9854 | D:7      | Reached skill level 5 in Fighting
 10086 | D:7      | Identified a scroll of acquirement
 10087 | D:7      | Acquired 1092 gold pieces
 10117 | D:8      | You fall into a shaft and drop 1 floor!
 10396 | D:9      | Reached skill level 5 in Long Blades
 10478 | D:9      | Noticed Erica
 10483 | D:9      | Killed Erica
 10484 | D:9      | Reached XP level 10. HP: 76/76 MP: 8/19
 10800 | D:8      | Identified the +9 long sword of Pilonnur {drain, *Rage Fly
                  | rElec Str+3}
 10815 | D:8      | Found a staircase to the Lair.
 11512 | D:9      | Noticed Bogward
 11525 | D:9      | Anointed Bogward the wizard as your apostle
 11662 | D:9      | Found a bloodstained altar of Trog.
 11662 | D:9      | Found a faded altar of an unknown god.
 11669 | D:9      | Found a faded altar of an unknown god.
 11671 | D:9      | Found an ancient bone altar of Kikubaaqudgha.
 11673 | D:9      | Found a shimmering blue altar of Sif Muna.
 11765 | D:9      | Found an iron altar of Okawaru.
 12219 | D:10     | Entered Level 10 of the Dungeon
 12240 | D:10     | Reached skill level 1 in Stealth
 12240 | D:10     | Reached skill level 1 in Invocations
 12316 | D:10     | Reached XP level 11. HP: 84/86 MP: 20/20
 12322 | D:10     | Reached **** piety under Beogh
 12462 | D:10     | Found a stormy altar of Qazlal.
 12610 | D:10     | Noticed a two-headed ogre
 12614 | D:10     | Killed a two-headed ogre
 12615 | D:10     | Reached skill level 5 in Invocations
 12732 | D:10     | Found Xeteol's Antique Armour Shop.
 12823 | D:10     | Found a staircase to the Orcish Mines.
 12922 | D:10     | Bought a fine leather armour for 238 gold pieces
 12922 | D:10     | Identified the +0 leather armour of Hiuziut {Harm Fly} (You
                  | bought it in a shop on level 10 of the Dungeon)
 12922 | D:10     | Bought a scorched leather armour for 238 gold pieces
 12922 | D:10     | Identified the +1 leather armour of Stoicism {rF+ rC+ Will+
                  | SInv} (You bought it in a shop on level 10 of the Dungeon)
 12966 | D:11     | Noticed Urug
 12987 | D:11     | Killed Urug
 13036 | D:11     | Noticed Snorg
 13042 | D:11     | Killed Snorg
 13054 | D:11     | Your ally Bogward died
 13233 | D:11     | Noticed a deep elf pyromancer
 13245 | D:11     | Killed a deep elf pyromancer
 13701 | D:11     | Noticed Wardok
 13713 | D:11     | Anointed Wardok the priest as your apostle
 13944 | D:12     | Noticed a boulder beetle
 13952 | D:12     | Killed a boulder beetle
 14061 | D:12     | Noticed a purple ugly thing
 14072 | D:12     | Killed a purple ugly thing
 14072 | D:12     | Reached ***** piety under Beogh
 14119 | D:12     | Noticed a tengu warrior
 14127 | D:12     | Noticed a boulder beetle
 14134 | D:12     | Reached XP level 12. HP: 88/92 MP: 9/21
 14137 | D:12     | Killed a tengu warrior
 14149 | D:12     | Killed a boulder beetle
 14436 | D:12     | Your ally Bogward died
 14852 | D:12     | Reached skill level 5 in Armour
 14852 | D:12     | Reached skill level 5 in Dodging
 14934 | D:13     | Noticed a demonic crawler
 14934 | D:13     | Noticed a demonic crawler
 14936 | D:13     | Noticed Sonja
 15077 | Lair:1   | Entered Level 1 of the Lair of Beasts
 15208 | Orc:1    | Entered Level 1 of the Orcish Mines
 15208 | Orc:1    | Found a transporter.
 15226 | Orc:1    | Noticed a two-headed ogre
 15236 | Orc:1    | Found a bloodstained altar of Trog.
 15236 | Orc:1    | Noticed a two-headed ogre
 15245 | Orc:1    | Found a transporter.
 15245 | Orc:1    | Noticed ImOTab's ghost (journeyman OnMo)
 15254 | Orc:1    | Noticed a two-headed ogre
 15273 | Orc:1    | Found Qeoc's Specific Store.
 15277 | Orc:1    | Found Leroic's General Store.
 15283 | Orc:1    | Bought a tin of tremorstones (2/2) for 680 gold pieces
 15283 | Orc:1    | Bought a scroll of torment for 161 gold pieces
 15374 | Orc:1    | Found a dark tunnel.
 15379 | Volcano  | Entered a volcano
 15379 | Volcano  | Found a radiant altar of Vehumet.
 15475 | Volcano  | Your ally Bogward died
 15580 | Orc:1    | Found a frozen archway.
 15601 | IceCv    | Entered an ice cave
 15605 | IceCv    | Your ally Wardok died
 16822 | IceCv    | Learned a level 4 spell: Vhi's Electric Charge
 17259 | Orc:2    | Entered Level 2 of the Orcish Mines
 17259 | Orc:2    | Noticed Saint Roka
 17351 | Orc:2    | Noticed a two-headed ogre
 17364 | Orc:2    | Killed a two-headed ogre
 17401 | Orc:2    | Gained mutation: You are strongly in touch with the powers
                  | of death. [Mummy growth]
 17401 | Orc:2    | Reached XP level 13. HP: 92/101 MP: 3/22
 17505 | Orc:2    | Noticed Jorgrun
 17508 | Orc:1    | HP: 5/101 [Saint Roka/+0 long sword of holy wrath (21)]
 17508 | Orc:1    | Mangled by Saint Roka

Illustrated notes

Levels and vault maps discovered:
D:1:      lightli_iron_boxes, layout_rooms, grunt_decor_fettered,
          nicolae_eternal_life, nicolae_concentric_dashed_squares_mild,
          hangedman_decor_peaks_small, minmay_pentomino_q4
D:2:      layout_loops_ring, minmay_joined_circles
D:3:      layout_basic, mainiacjoe_overflow_boulevard, jmf_multi_god_temple2,
          serial_bayou_pond_b
D:4:      layout_basic, mainiacjoe_overflow_paths
D:5:      minmay_thick_lines, layout_loops_ring, uniq_menkaure
D:6:      layout_basic, uniq_crazy_yiuf_cottage, uniq_prince_ribbit1,
          uniq_eustachio
D:7:      layout_layer_cave, minmay_temple_entry_mini_moons,
          gammafunk_ghost_cemetery, corner_web_ring
D:8:      layout_loops_cross, lair_entry_dummy
D:9:      layout_stronghold, mainiacjoe_overflow_six_doors_small,
          chequers_temple_overflow_minitemple, kennysheep_generic_room_15,
          uniq_erica
D:10:     layout_roguey, nicolae_qazlal_scattered_showers, orc_0_dummy,
          serial_shops, nicolae_shop_statue_plus, minmay_misc_feat_chi
D:11:     layout_cave_pools, kennysheep_minor_cross, uniq_snorg, uniq_urug
D:12:     layout_basic
D:13:     layout_basic, hellmonk_vaults_attempted_burglary, st_stairs_14,
          einodemon_crawler_minivault, uniq_frances, uniq_sonja, uniq_rupert
Lair:1:   layout_cave_pods, dreamdust_mushroom_princess, nzn_sisyphean_effort,
          infiniplex_staircase_pool_2
Orc:1:    layout_caves, enter_volcano_4, portal_ice_cave_entry_pillars_1,
          gammafunk_ghost_wrathful_warriors, nicolae_specific_store
Orc:2:    st_orc_mages, layout_caves, serial_shops, shop, uniq_saint_roka,
          uniq_jorgrun

Skill      XL: |  1  2  3  4  5  6  7  8  9 10 11 12 |
---------------+-------------------------------------+-----
Long Blades    | 2 3 4 5 8 9 |  9.0
Fighting       | 3 4 6 8 9 |  9.4
Throwing       | 1 2 |  2.0
Armour         | 1 2 3 6 |  6.0
Evocations     | 2 3 |  3.0
Spellcasting   | 3 5 6 |  6.0
Translocations | 3 4 |  4.4
Air Magic      | 4 6 7 |  7.0
Dodging        | 2 3 6 |  6.0
Stealth        | 1 2 |  2.0
Invocations    | 1 8 |  8.0

Action                     |  1- 3 |  4- 6 |  7- 9 | 10-12 | 13-15 || total
---------------------------+-------+-------+-------+-------+-------++-------
  Melee: Falchion          |   142 |   291 |   112 |       |       ||   545
         Scimitar          |       |       |   278 |   141 |       ||   419
         Long sword        |       |       |       |   343 |     5 ||   348
  Throw: Dart              |     1 |    24 |     9 |    23 |     1 ||    58
         Javelin           |       |     6 |       |       |       ||     6
         Throwing net      |       |       |     1 |       |       ||     1
   Cast: Blink             |       |     6 |     8 |     6 |     1 ||    21
         Airstrike         |       |       |    22 |    88 |       ||   110
         Vhi's Electric Ch |       |       |       |     1 |       ||     1
 Invoke: Convert to Beogh  |       |     1 |       |       |       ||     1
         Recruit Apostle   |       |       |       |     2 |       ||     2
         Smiting           |       |       |       |    19 |     5 ||    24
         Recall Apostles   |       |       |       |     3 |       ||     3
  Evoke: Wand              |       |     3 |     7 |    12 |     4 ||    26
         Tin of tremorston |       |       |       |     1 |     2 ||     3
    Use: Scroll            |       |       |     7 |     3 |       ||    10
   Stab: Sleeping          |       |       |     1 |       |       ||     1
         Distracted        |       |       |       |     5 |       ||     5
 Armour: Leather armour    |   107 |   119 |   180 |   495 |     6 ||   907
         Ring mail         |       |    30 |   168 |       |       ||   198
         Scale mail        |       |    52 |   116 |       |       ||   168
  Dodge: Dodged            |    78 |   167 |   313 |   275 |     5 ||   838

Table legend: (Time is in decaauts)
 A = Elapsed time spent in this place.
 B = Non-inter-level travel time spent in this place.
 C = Inter-level travel time spent in this place.
 D = Time resting spent in this place.
 E = Time spent auto-exploring this place.
 F = Levels seen in this place.
 G = Mean time per level.
                   A        B        C        D        E       F      G
               +--------+--------+--------+--------+--------+-----+--------+
         Total |  17647 |  16472 |   1175 |   1070 |  11144 |  18 |  980.4 |
       Dungeon |  15325 |  14199 |   1126 |    427 |  10357 |  13 | 1178.8 |
          Lair |     33 |     26 |      7 |      0 |     21 |   1 |   33.0 |
  Orcish Mines |    703 |    662 |     41 |     15 |    321 |   2 |  351.5 |
      Ice Cave |   1401 |   1401 |      0 |    628 |    445 |   1 | 1401.0 |
       Volcano |    182 |    182 |      0 |      0 |      0 |   1 |  182.0 |
               +--------+--------+--------+--------+--------+-----+--------+

Top non-repeatable levels by time:
     D:6: 1925 daAuts
     D:2: 1801 daAuts
     D:5: 1666 daAuts
     D:3: 1539 daAuts
   IceCv: 1401 daAuts
     D:9: 1388 daAuts
     D:7: 1306 daAuts
     D:4: 1141 daAuts
    D:12: 1008 daAuts
    D:11: 980 daAuts
     D:1: 869 daAuts
     D:8: 848 daAuts
    D:10: 832 daAuts
   Orc:1: 507 daAuts
   Orc:2: 195 daAuts
